 Dungeon Crawl Stone Soup version 0.14.0-12-g87ee3b7 (webtiles) character file.

1081 Ragg the Infuser (level 8, -1/41 HPs)
             Began as a Deep Elf Conjurer on Apr 16, 2014.
             Killed from afar by a gargoyle (16 damage)
             ... with a stone arrow
             ... on Level 6 of the Dungeon.
             The game lasted 00:22:37 (6139 turns).

Ragg the Infuser (Deep Elf Conjurer)                Turns: 6139, Time: 00:22:38

HP  -1/41        AC  9     Str  5      XL: 8   Next:  5%
MP  21/21        EV  9     Int 23      God:
Gold 26          SH 11     Dex 15      Spells:  4 memorised,  2 levels left

rFire  . . .     SeeInvis .     y - +1,+2 whip (elec)
rCold  . . .     Clarity  .     r - +1 leather armour
rNeg   . . .     Conserve .     H - +2 buckler
rPois  .         rCorr    .     d - +2 hat
rElec  .         rRot     .     G - +0 cloak
SustAb . .       Spirit   .     A - +0 pair of gloves (curse)
rMut   .         Warding  .     u - +0 pair of boots
Saprov . . .     Stasis   .     (no amulet)
MR     .....                    (no ring)
                                (no ring)

@: very slightly contaminated, not resistant to hostile enchantments, fairly
stealthy
A: no striking features
a: no special abilities


You were on level 6 of the Dungeon.
You were near starving.

You visited 1 branch of the dungeon, and saw 6 of its levels.

You collected 134 gold pieces.
You spent 108 gold pieces at shops.

Inventory:

Hand weapons
 e - a +0 blowgun
 y - a +1,+2 whip of electrocution (weapon)
Missiles
 v - 18 poisoned needles
Armour
 d - a +2 hat (worn)
 r - a +1 leather armour (worn)
 u - a +0 pair of boots (worn)
 A - a cursed +0 pair of gloves (worn)
 F - a +0 pair of gloves
 G - a +0 cloak (worn)
 H - a +2 buckler (worn)
Magical devices
 B - a wand of fire (7)
 C - a wand of teleportation (3)
Comestibles
 b - 2 bread rations
 g - 5 meat rations
 m - a choko
Scrolls
 i - 5 scrolls of teleportation
 l - 2 scrolls of immolation {unknown}
 p - a scroll of amnesia {unknown}
 q - 3 scrolls of fear {unknown}
 s - a scroll of recharging {unknown}
 w - 2 scrolls of remove curse {unknown}
 x - 4 scrolls of enchant armour {unknown}
 z - 3 scrolls of identify
 E - a scroll of blinking {unknown}
 I - a scroll of noise {unknown}
Potions
 a - a potion of restore abilities
 f - 3 potions of agility
 h - 4 potions of heal wounds
 j - 2 potions of resistance
 k - a potion of mutation
 n - 2 potions of curing
 o - a potion of invisibility
 t - 2 potions of berserk rage
 D - a potion of paralysis {unknown}
Books
 c - a book of Conjurations

   Spells                             Type                      Level
   *Magic Dart                        Conjuration                  1
   *Searing Ray                       Conjuration                  2
   Dazzling Spray                     Conjuration/Hexes            3
   Fulminant Prism                    Conjuration/Hexes            4
   Iskenderun's Mystic Blast          Conjuration                  4
   *Iskenderun's Battlesphere         Conjuration/Charms           5
 J - a Young Poisoner's Handbook

   Spells                             Type                      Level
   Sting                              Conjuration/Poison           1
   Cure Poison                        Poison                       2
   *Mephitic Cloud                    Conjuration/Poison/Air       3
   Olgreb's Toxic Radiance            Poison                       4
   Venom Bolt                         Conjuration/Poison           5


   Skills:
 + Level 2.7 Armour
 - Level 2.4 Dodging
 - Level 2.4 Stealth
 - Level 2.1 Shields
 - Level 3.0 Spellcasting
 - Level 7.6 Conjurations
 - Level 8.1 Charms


You had 2 spell levels left.
You knew the following spells:

 Your Spells              Type           Power        Failure   Level  Hunger
a - Magic Dart            Conj           ####         1%          1    None
b - Iskenderun's Battles  Conj/Chrm      #####...     21%         5    #####..
c - Mephitic Cloud        Conj/Pois/Air  ###.....     21%         3    ###....
d - Searing Ray           Conj           #####.       1%          2    ##.....


Dungeon Overview and Level Annotations

Branches:
Dungeon (6/15)
 Temple: D:4-7

Altars:
Dithmenos

Shops:
D:4 *


Message History

You are very lightly contaminated with residual magic.
Smoke pours from your hands!
You see here 11 arrows.
You are near starving!
The gargoyle hurls a stone arrow at you.
The stone arrow hits you!
A bat comes into view.
The bat misses you. The bat hits you but does no damage.
You barely miss the bat. The bat hits you but does no damage.
The bat hits you but does no damage.
The gargoyle hurls a stone arrow at you.
The stone arrow hits you!
Ouch! That really hurt!
You block the bat's attack.
You closely miss the bat. The bat barely misses you. The bat barely misses you.
You closely miss the bat. The bat barely misses you.
You block the bat's attack.
The gargoyle hurls a stone arrow at you.
The stone arrow hits you!
You die...

#......######*** *, #.# ##.#####
*,* #.# #.# *,* #.# #.# *,* ###.#
#9###### *,* #.... #......# *,*
#.#.# #######.# **,## #.#.#
......#.###########...#######.#.#
#...........9...@b.<#...........#
#.###.#.###.#######...######..###
#.###.#.# #.# **,............
#.......# #.# ***######..###
#..##.### #.# ********#..# #
#..##.# #.# *,,,,,,....# #
......#####.########.****###..# #
#..##................* #...###
#...........####.####* #......


You could see a gargoyle and a bat.

Vanquished Creatures
  An ice beast (D:6)
  A sky beast (D:6)
  A phantom (D:5)
  A centaur (D:6)
  A scorpion (D:4)
  An orc priest (D:3)
  2 jellies (D:5)
  3 hounds (D:4)
  5 orc wizards
  2 iguanas (D:5)
  A worker ant (D:4)
  A sky beast zombie (D:5)
  7 adders
  An orc skeleton (D:5)
  3 worms
  A shadow imp (D:5)
  An adder zombie (D:5)
  An iguana skeleton (D:6)
  2 giant eyeballs (D:6)
  A giant gecko (D:6)
  An ooze (D:1)
  23 orcs
  8 bats
  A bat zombie (D:6)
  4 giant cockroaches
  11 hobgoblins
  6 jackals
  4 quokkas
  4 giant newts
  A giant newt skeleton (D:4)
  14 goblins
  11 kobolds
  A kobold skeleton (D:5)
  A quokka skeleton (D:5)
  15 rats
142 creatures vanquished.

Notes
Turn   | Place    | Note
--------------------------------------------------------------
     0 | D:1      | Ragg, the Deep Elf Conjurer, began the quest for the Orb.
     0 | D:1      | Reached XP level 1. HP: 10/10 MP: 5/5
   229 | D:1      | Reached XP level 2. HP: 15/15 MP: 0/8
   317 | D:1      | Reached skill level 5 in Conjurations
   822 | D:2      | Reached XP level 3. HP: 6/19 MP: 1/10
  1049 | D:2      | Found a shadowy altar of Dithmenos.
  1105 | D:2      | Reached skill level 6 in Conjurations
  1157 | D:2      | Reached XP level 4. HP: 24/24 MP: 1/13
  1901 | D:3      | Reached XP level 5. HP: 28/28 MP: 13/16
  1994 | D:3      | Reached skill level 7 in Conjurations
  2050 | D:3      | Learned a level 5 spell: Iskenderun's Battlesphere
  3151 | D:4      | Reached XP level 6. HP: 21/32 MP: 9/18
  3375 | D:4      | Reached skill level 5 in Charms
  3596 | D:4      | Found Gherchin's General Store.
  3602 | D:4      | Bought a scroll of magic mapping for 42 gold pieces
  3602 | D:4      | Bought a potion of agility for 30 gold pieces
  3602 | D:4      | Bought a potion of confusion for 12 gold pieces
  3602 | D:4      | Bought a potion of curing for 24 gold pieces
  3931 | D:5      | Entered Level 5 of the Dungeon
  4490 | D:5      | Reached XP level 7. HP: 36/36 MP: 14/20
  4890 | D:5      | Reached skill level 8 in Charms
  5350 | D:6      | Reached skill level 1 in Shields
  5591 | D:6      | Paralysed by a giant eyeball for 3 turns
  5647 | D:6      | Paralysed by a giant eyeball for 2 turns
  5651 | D:6      | Reached skill level 1 in Armour
  5869 | D:6      | Reached XP level 8. HP: 19/41 MP: 16/21
  5980 | D:6      | Learned a level 3 spell: Mephitic Cloud
  5983 | D:6      | Learned a level 2 spell: Searing Ray
  6107 | D:6      | Noticed a gargoyle
  6139 | D:6      | Killed from afar by a gargoyle

Action                   |  1- 3 |  4- 6 |  7- 9 || total
-------------------------+-------+-------+-------++-------
Melee: Short sword       |       |     3 |     1 ||     4
       Whip              |       |       |     3 ||     3
 Cast: Magic Dart        |    80 |   201 |   114 ||   395
       Iskenderun's Batt |       |       |     6 ||     6
Evoke: Wand              |       |     2 |       ||     2
  Use: Scroll            |       |     5 |     1 ||     6
